 Dungeon Crawl Stone Soup version 0.26-a0-670-g578ab304f5 (webtiles) character file.

Game seed: 2225301836187195620

62 Kinoniko the Shield-Bearer (level 3, -4/31 HPs)
             Began as a Draconian Fighter on Oct 19, 2020.
             Slain by Sigmund
             ... wielding a +2 scythe of protection
              (10 damage)
             ... on level 2 of the Dungeon.
             The game lasted 00:01:00 (821 turns).

Kinoniko the Shield-Bearer (Draconian Fighter)       Turns: 821, Time: 00:01:01

Health: -4/31      AC:  5    Str: 19    XL:     3   Next: 85%
Magic:  3/3        EV: 10    Int:  8    God:
Gold:   21         SH:  9    Dex: 10    Spells: 2/2 levels left

rFire    . . .     SeeInvis .   a - +0 trident
rCold    . . .     Faith    .   b - +0 kite shield
rNeg     . . .     Spirit   .   (armour unavailable)
rPois    .         Reflect  .   (helmet restricted)
rElec    .         Harm     .   (no cloak)
rCorr    .         Rampage  .   (no gloves)
MR       .....                  (no boots)
Stlth    +.........             (no amulet)
HPRegen  0.10/turn              (no ring)
MPRegen  0.08/turn              (no ring)

@: mighty
A: unfitting armour, cold-blooded, AC +5
a: no special abilities


You were on level 2 of the Dungeon.
You visited 1 branch of the dungeon, and saw 2 of its levels.

You collected 21 gold pieces.

Inventory:

Hand Weapons
 a - a +0 trident (weapon)
Armour
 b - a +0 kite shield (worn)
Scrolls
 d - 3 scrolls of identify {unknown}
 f - a scroll of fog {unknown}
Potions
 c - a potion of might
 e - 3 potions of curing {unknown}


   Skills:
 - Level 3.2 Fighting
 * Level 3.6 Polearms
 - Level 2.6 Dodging
 + Level 3.6 Shields


You had 2 spell levels left.
You didn't know any spells.
Your spell library was empty.

Dungeon Overview and Level Annotations

Branches:
Dungeon (2/15)

Altars:

Annotations:
D:2 Sigmund


Innate Abilities, Weirdness & Mutations

Your plain brown scales are hard. (AC +5)
You cannot fit into any form of body armour.
You are cold-blooded and may be slowed by cold attacks.


Message History

The adder bites you.
You are too injured to fight recklessly!
You are too injured to fight recklessly!
You are too injured to fight recklessly!
You are too injured to fight recklessly!
You are too injured to fight recklessly!
You are too injured to fight recklessly!
You miss the adder. The adder bites you. You block the adder's attack.
Sigmund hits you but does no damage. The adder barely misses you.
You miss the adder. The adder closely misses you. The adder bites you.
* * * LOW HITPOINT WARNING * * *
You block the adder's attack. Sigmund closely misses you.
You miss the adder.
Your tail-slap misses the adder.
The adder bites you but does no damage. You block the adder's attack. x2
Unknown command.
You closely miss the adder. The adder bites you.
* * * LOW HITPOINT WARNING * * *
You block the adder's attack.
Sigmund hits you from afar with a +2 scythe of protection!
You die...

..... .... .... ..#
.K## #g@ #S# #+# ##@#
#.# ######S.#
#####.##### ........#
#...'.'...# ........#
#.###.###.# ........#
#.# #.# #.#
........###'###.###'###
........'.............+
....(...###'###.###'###
######..# #.# #.# #.#


You could see Sigmund, 2 adders, a hobgoblin and a kobold.

Vanquished Creatures
  An adder (D:2)
  3 dart slugs (D:1)
  A leopard gecko (D:1)
  A giant cockroach (D:2)
  7 goblins
  8 hobgoblins
  7 jackals (D:1)
  5 kobolds
  4 bats
  A frilled lizard (D:1)
  A rat (D:1)
39 creatures vanquished.

Notes
Turn   | Place    | Note
-------+----------+-------------------------------------------
     0 | D:1      | Kinoniko the Draconian Fighter began the quest for the Orb.
     0 | D:1      | Reached XP level 1. HP: 19/19 MP: 1/1
   104 | D:1      | Reached XP level 2. HP: 26/26 MP: 2/2
   246 | D:1      | Reached XP level 3. HP: 23/31 MP: 3/3
   803 | D:2      | Noticed Sigmund
   821 | D:2      | Slain by Sigmund

Illustrated notes

Levels and vault maps discovered:
D:1:      lightli_arrival_lavapool, layout_basic, minmay_tripent
D:2:      layout_basic, minmay_door_square, uniq_sigmund, uniq_terence

Skill      XL: |  1  2 |
---------------+-------+-----
Polearms       | 3 |  3.6
Fighting       | |  3.2
Dodging        | |  2.6
Shields        | |  3.6

Action                   || total
-------------------------++-------
Melee: Trident           ||   107
       Tailslap          ||    10
  Use: Potion            ||     1
Armor: Skin              ||    21
Dodge: Dodged            ||    44
Block: Kite shield       ||    38

Table legend: (Time is in decaauts)
 A = Elapsed time spent in this place.
 B = Non-inter-level travel time spent in this place.
 C = Inter-level travel time spent in this place.
 D = Time resting spent in this place.
 E = Time spent auto-exploring this place.
 F = Levels seen in this place.
 G = Mean time per level.
                   A        B        C        D        E       F      G
               +--------+--------+--------+--------+--------+-----+--------+
         Total |    846 |    838 |      8 |     45 |    605 |   2 |  423.0 |
       Dungeon |    846 |    838 |      8 |     45 |    605 |   2 |  423.0 |
               +--------+--------+--------+--------+--------+-----+--------+

Top non-repeatable levels by time:
     D:1: 752 daAuts
     D:2: 93 daAuts
